 Dungeon Crawl Stone Soup version 0.30-a0-1053-gbd8d5ba0ad (webtiles) character file.

Game seed: 16938713302931784655

54 GigaChad the Shield-Bearer (level 4, 0/36 HPs)
             Began as a Formicid Fighter on Apr 12, 2023.
             Slain by an iguana (9 damage)
             ... on level 3 of the Dungeon.
             The game lasted 00:04:18 (1448 turns).

GigaChad the Shield-Bearer (Formicid Fighter)       Turns: 1448, Time: 00:04:19

Health: 0/36       AC:  7    Str: 22    XL:     4   Next: 12%
Magic:  4/4        EV:  9    Int:  8    God:
Gold:   33         SH:  5    Dex: 13    Spells: 3/3 levels left

rFire   . . .      SeeInvis +    a - +0 war axe
rCold   . . .      Faith    .    c - +0 buckler
rNeg    . . .      Spirit   .    b - +0 scale mail
rPois   .          Reflect  .    (helmet unavailable)
rElec   .          Rampage  .    (no cloak)
rCorr   .                        (no gloves)
Will    .....                    (no boots) Stlth
                                 (no amulet)
HPRegen 0.26/turn                (no ring)
MPRegen 0.09/turn                (no ring)

@: no status effects
A: permanent stasis, dig shafts and tunnels, antennae 3, four strong arms
a: Dig, Shaft Self


You were on level 3 of the Dungeon.
You visited 1 branch of the dungeon, and saw 3 of its levels.

You collected 33 gold pieces.

Inventory:

Hand Weapons
 a - a +0 war axe (weapon)
Armour
 b - a +0 scale mail (worn)
 c - a +0 buckler (worn)
Wands
 j - a wand of roots (11)
Scrolls
 k - a scroll of immolation
Potions
 d - 3 potions of might
 e - a potion of heal wounds {unknown}
 f - 2 potions of degeneration
 h - 2 potions of curing
 i - a potion of haste {unknown}


   Skills:
 + Level 3.6 Fighting
 + Level 2.8 Axes
 + Level 3.8 Armour
 + Level 0.1 Dodging
 + Level 4.6 Shields


You had 3 spell levels left.
You didn't know any spells.
Your spell library contained the following spells:

 Spells                   Type           Power      Damage    Failure   Level
 Sting                    Tmut/Pois      0%         1d3       80%         1
 Poisonous Vapours        Pois/Air       0%         N/A       90%         2
 Olgreb's Toxic Radiance  Pois           0%         N/A       100%        4


Dungeon Overview and Level Annotations

Branches:
Dungeon (3/15)

Altars:
Zin

Shops:
D:3 (


Innate Abilities, Weirdness & Mutations

You cannot be hasted, slowed, berserked, paralysed or teleported.
You can dig through walls and to a lower floor.
You have a pair of large antennae on your head. (SInv)
Your four strong arms can wield two-handed weapons with a shield.


Message History

There is a stone staircase leading up here.
Found a scale mail.
You see here a +0 scale mail.
Found a hand axe.
Found Woske's Antique Weapon Shop.
Found a stone staircase leading up.
A rat comes into view.
The rat bites you but does no damage.
There is a fountain of clear blue water here.
The rat bites you but does no damage. You block the rat's attack.
There is a fountain of clear blue water here.
You barely miss the rat. The rat barely misses you. The rat misses you.
You slash the rat!
You kill the rat!
There is a fountain of clear blue water here.
There is an entrance to Woske's Antique Weapon Shop here.
You can access your shopping list by pressing '$'.
There is a dry fountain here.
You sense a monster nearby.
An iguana comes into view.
An iguana is nearby!
The iguana barely misses you.
You barely miss the iguana. The iguana bites you!
You barely miss the iguana. The iguana bites you. The iguana bites you!
You barely miss the iguana. The iguana barely misses you.
You hit the iguana but do no damage. The iguana bites you.
* * * LOW HITPOINT WARNING * * *
The iguana barely misses you.
You barely miss the iguana. The iguana closely misses you.
You hit the iguana.
The iguana is moderately wounded.
The iguana bites you but does no damage.
You hit the iguana.
The iguana is heavily wounded.
The iguana barely misses you. The iguana bites you.
* * * LOW HITPOINT WARNING * * *
You hit the iguana.
The iguana is heavily wounded.
The iguana bites you!
You die...

#...#
######.......#
#####
#.......####.#
#.......# ###
####.......###
#.....#.8.8.8#
#.###.#..⌠.⌠.#
#.# #.#<8.∩.8#
####.###.#..⌠.⌠.#
#..l@#.....8.8.8#
#.####......#.###
# ########.# ..#
###


You could see an iguana.

Vanquished Creatures
  3 adders (D:2)
  A dart slug (D:2)
  2 bats (D:1)
  5 endoplasms
  2 giant cockroaches
  A hobgoblin (D:1)
  A kobold (D:2)
  2 quokkas
  2 ball pythons
  4 goblins
  2 rats
25 creatures vanquished.

Notes
Turn   | Place    | Note
-------+----------+-------------------------------------------
     0 | D:1      | GigaChad the Formicid Fighter began the quest for the Orb.
     0 | D:1      | Reached XP level 1. HP: 18/18 MP: 1/1
   145 | D:1      | Reached XP level 2. HP: 23/24 MP: 2/2
   414 | D:2      | Reached XP level 3. HP: 11/29 MP: 3/3
  1106 | D:2      | Found a glowing silver altar of Zin.
  1149 | D:2      | Reached XP level 4. HP: 32/36 MP: 4/4
  1410 | D:3      | Found Woske's Antique Weapon Shop.
  1448 | D:3      | Slain by an iguana

Illustrated notes

Levels and vault maps discovered:
D:1:      spicycebolla_green_bress_n_ham, layout_rooms, minmay_misc_feat_five
D:2:      layout_loops_corners, basic_altar
D:3:      layout_basic, hellmonk_ecumenical_altar_crossroads, serial_shops,
          nicolae_shop_temple_entry_statues_fountains, shop, nicolae_shop_stone,
          kennysheep_generic_room_4

Action                     |  1- 3 |  4- 6 || total
---------------------------+-------+-------++-------
  Melee: War axe           |    86 |    17 ||   103
    Use: Scroll            |     3 |     1 ||     4
 Armour: Scale mail        |    70 |     7 ||    77
  Dodge: Dodged            |    51 |     9 ||    60
  Block: Buckler           |    36 |     1 ||    37

Table legend: (Time is in decaauts)
 A = Elapsed time spent in this place.
 B = Non-inter-level travel time spent in this place.
 C = Inter-level travel time spent in this place.
 D = Time resting spent in this place.
 E = Time spent auto-exploring this place.
 F = Levels seen in this place.
 G = Mean time per level.
                   A        B        C        D        E       F      G
               +--------+--------+--------+--------+--------+-----+--------+
         Total |   1489 |   1470 |     19 |      0 |    842 |   3 |  496.3 |
       Dungeon |   1489 |   1470 |     19 |      0 |    842 |   3 |  496.3 |
               +--------+--------+--------+--------+--------+-----+--------+

Top non-repeatable levels by time:
     D:2: 1002 daAuts
     D:1: 384 daAuts
     D:3: 103 daAuts
